 Dungeon Crawl Stone Soup version 0.31-a0-819-gf6de2f5ab6 (webtiles) character file.

Game seed: 17342398810399588851

24 qw the Shooter (level 3, -3/21 HPs)
             Began as a Gargoyle Hunter on Sept 23, 2023.
             Slain by a worm (4 damage)
             ... on level 2 of the Dungeon.
             The game lasted 00:00:17 (747 turns).

qw the Shooter (Gargoyle Hunter)                     Turns: 747, Time: 00:00:17

Health: -3/21      AC:  7    Str: 14    XL:     3   Next: 2%
Magic:  3/3        EV: 11    Int:  9    God:
Gold:   73         SH:  0    Dex: 15    Spells: 2/2 levels left

rFire   . . .        Y - +0 shortbow
rCold   . . .        (shield currently unavailable)
rNeg    + . .        c - +0 leather armour
rPois   inf          (no helmet)
rElec   +            (no cloak)
rCorr   .            h - +0 pair of gloves
SInv    .            (no boots)
Will    .....        (no amulet)
Stlth   ++           (no ring)
HPRegen 0.23/turn    (no ring)
MPRegen 0.08/turn

%: no passive effects
@: no status effects
A: sickness immunity, AC +3, negative energy resistance 1, electricity
resistance, torment resistance 1, petrification resistance
a: no special abilities


You were on level 2 of the Dungeon.
You visited 1 branch of the dungeon, and saw 2 of its levels.

You collected 73 gold pieces.


Innate Abilities, Weirdness & Mutations

You are immune to sickness and miasma.
Your stone body is resilient. (AC +3)
You are immune to poison.
You resist negative energy. (rN+)
You are resistant to electric shocks. (rElec)
You are resistant to unholy torment.
You are immune to petrification.


   Skills:
 - Level 2.1 Fighting
 + Level 4.9 Ranged Weapons
 - Level 1.5 Dodging
 - Level 1.1 Stealth


You had 2 spell levels left.
You didn't know any spells.
Your spell library was empty.

Inventory:

Hand Weapons
 Y - a +0 shortbow (weapon)
Armour
 c - a +0 leather armour (worn)
 h - a +0 pair of gloves (worn)
Scrolls
 i - a scroll of identify
Potions
 d - a potion of brilliance {unknown}
 f - a potion of might
 g - a potion of ambrosia {unknown}

Dungeon Overview and Level Annotations

Branches:
Dungeon (2/15)

Altars:

Shops:
D:1 =


Message History

The ball python constricts you.
You shoot an arrow. The arrow hits the ball python!
You kill the ball python!
A hobgoblin comes into view.
The worm barely misses you.
You have reached level 3!
Your experience leads to an increase in your attributes!
Increase (S)trength, (I)ntelligence, or (D)exterity?
You feel agile. x2
You shoot an arrow. The hobgoblin shouts!
The arrow hits the worm.
The worm is lightly wounded.
You shoot an arrow. The arrow hits the worm.
The worm is moderately wounded.
The worm bites you but does no damage.
You shoot an arrow. The arrow hits the worm.
The worm is heavily wounded.
The worm bites you! The worm bites you but does no damage.
You shoot an arrow. The arrow barely misses the worm.
The worm bites you but does no damage. x2
You shoot an arrow. The arrow hits the worm.
The worm is heavily wounded.
You shoot an arrow. The arrow barely misses the worm.
The worm bites you. x2
You shoot an arrow. The arrow hits the worm.
The worm is heavily wounded.
The worm bites you but does no damage. The worm closely misses you.
You shoot an arrow. The arrow hits the worm.
The worm is severely wounded.
You feel a little less mighty now.
The hobgoblin hits you but does no damage.
The worm closely misses you. The worm bites you!
You shoot an arrow. The arrow hits the worm.
The worm is almost dead.
The hobgoblin hits you but does no damage.
You shoot an arrow. The arrow hits the worm.
You kill the worm!
The hobgoblin closely misses you. The worm bites you.
You die...

#.......#
#.......#
#.......#
#.......#
#.......#
#.####### ##.#
#.####g.#####
......w@....#
#.###..####...#
#.. .# .)..
.##.. #. ... #
.... ...^


You could see a worm and a hobgoblin.

Vanquished Creatures
  A worm (D:2)
  A dart slug (D:1)
  An endoplasm (D:1)
  A giant cockroach (D:1)
  2 goblins
  3 hobgoblins (D:1)
  2 quokkas (D:1)
  2 ball pythons
  3 bats (D:1)
  2 kobolds
  4 rats
22 creatures vanquished.

Notes
Turn   | Place    | Note
-------+----------+-------------------------------------------
     0 | D:1      | qw the Gargoyle Hunter began the quest for the Orb.
     0 | D:1      | Reached XP level 1. HP: 12/12 MP: 1/1
     0 | D:1      | 0 ||| qw: Version: 0.3-a-83-gcd0e7d8
     0 | D:1      | 0 ||| qw: Game counter: 1629
     0 | D:1      | 0 ||| qw: Melee chars always use a shield: true
     0 | D:1      | 0 ||| qw: God list: Okawaru
     0 | D:1      | 0 ||| qw: Allow faded altars: false
     0 | D:1      | 0 ||| qw: Do Orc after clearing Dungeon:15 true
     0 | D:1      | 0 ||| qw: Do second Lair branch before Depths: true
     0 | D:1      | 0 ||| qw: Lair rune preference: random
     0 | D:1      | 0 ||| qw: Goals: Normal
     0 | D:1      | 0 ||| PLANNING D:1-11
   206 | D:1      | Reached XP level 2. HP: 17/17 MP: 2/2
   477 | D:1      | Found Itauw's Jewellery Emporium.
   483 | D:1      | 483 ||| SHOPLISTING +4 ring of protection (504 gold, have
                  | 73).
   483 | D:1      | 483 ||| SHOPLISTING ring "Gucips" {AC+4 Int+6 Stlth+} (817
                  | gold, have 73).
   483 | D:1      | 483 ||| SHOPLISTING ring of positive energy (280 gold, have
                  | 73).
   483 | D:1      | 483 ||| SHOPLISTING ring of protection from cold (350 gold,
                  | have 73).
   505 | D:1      | 505 ||| Stepping ~*~*~tactically~*~*~ (water).
   596 | D:1      | 596 ||| UPGRADING to +0 pair of gloves.
   601 | D:1      | 601 ||| READING scroll labelled WYFOPHEYMU.
   604 | D:1      | 604 ||| READING 2 scrolls labelled FILOGO QOMYEJOA.
   605 | D:1      | 605 ||| READING scroll labelled ACZOWO SILECEU.
   706 | D:1      | 706 ||| DRINKING 2 grey potions.
   707 | D:1      | 707 ||| DROPPING scroll of butterflies.
   738 | D:2      | Reached XP level 3. HP: 17/21 MP: 3/3
   745 | D:2      | HP: 1/21 [worm (8)]
   747 | D:2      | Slain by a worm

Levels and vault maps discovered:
D:1:      dpeg_arrival_round_c, layout_basic, serial_shops,
          nicolae_shop_back_alley_shop, hangedman_abyss_or_decor_lesser_grid,
          serial_bayou_crossing
D:2:      minmay_inner_zag, layout_rooms, basic_altar

Action                     || total
---------------------------++-------
   Fire: Shortbow          ||    69
    Use: Scroll            ||     3
         Potion            ||     1
 Armour: Leather armour    ||    26
  Dodge: Dodged            ||    25

Table legend:
 A = Non-vault XP
 B = Vault XP
 C = Vault XP percentage of total XP
 D = Non-vault monster count
 E = Vault monster count
 F = Vault count percentage of total count
                 A         B        C        D         E       F
            +---------+---------+-------+---------+---------+-------
      Total |      40 |       0 |   0.0 |      22 |       0 |   0.0
            +---------+---------+-------+---------+---------+-------
        D:1 |      29 |       0 |   0.0 |      17 |       0 |   0.0
        D:2 |      11 |       0 |   0.0 |       5 |       0 |   0.0
            +---------+---------+-------+---------+---------+-------
